 Dungeon Crawl Stone Soup version 0.28-a0-2-g643f2454ad (webtiles) character file.

Game seed: 12948405911673621321

308 graki42 the Shield-Bearer (level 6, -12/43 HPs)
             Began as an Octopode Fighter on July 22, 2021.
             Killed from afar by a steam dragon (21 damage)
             ... with a ball of steam
             ... on level 6 of the Dungeon.
             The game lasted 00:04:56 (2916 turns).

graki42 the Shield-Bearer (Octopode Fighter)        Turns: 2916, Time: 00:04:58

Health: -12/43     AC:  1    Str: 15    XL:     6   Next: 40%
Magic:  6/6        EV: 12    Int: 10    God:
Gold:   112        SH:  9    Dex: 14    Spells: 5/5 levels left

rFire   . . .      SeeInvis .   a - +0 rapier
rCold   . . .      Faith    .   b - +0 kite shield
rNeg    . . .      Spirit   .   (helmet restricted)
rPois   .          Reflect  .   (no amulet)
rElec   .          Harm     .   e - ring of resist corrosion
rCorr   +          Rampage  .   g - ring of flight
Will    .....                   (no ring)
Stlth   +++.......              (no ring)
HPRegen 0.14/turn               (no ring)
MPRegen 0.10/turn               (no ring)
                                (no ring)
                                (no ring)

@: flying
A: almost no armour, amphibious, 8 rings, camouflage 1, gelatinous body 1,
(nimble swimmer 1), tentacles
a: no special abilities


You were on level 6 of the Dungeon.
You visited 1 branch of the dungeon, and saw 5 of its levels.

You collected 112 gold pieces.

Inventory:

Hand Weapons
 a - a +0 rapier (weapon)
 n - a +0 vampiric short sword
Missiles
 q - 2 throwing nets (quivered)
Armour
 b - a +0 kite shield (worn)
 u - a +1 hat
Jewellery
 e - a ring of resist corrosion (left tentacle)
 g - a ring of flight (right tentacle)
Scrolls
 c - 2 scrolls of teleportation {unknown}
 d - 3 scrolls of blinking {unknown}
 f - 2 scrolls of fear {unknown}
 h - a scroll of magic mapping {unknown}
 i - a scroll of fog {unknown}
 j - a scroll of identify {unknown}
 k - a scroll of summoning {unknown}
 l - a scroll of holy word {unknown}
 m - a scroll of torment {unknown}
 o - a scroll of brand weapon {unknown}
 p - a scroll of amnesia {unknown}
 r - a scroll of vulnerability {unknown}
 s - a scroll of enchant weapon {unknown}
Potions
 t - a potion of attraction {unknown}


   Skills:
 + Level 3.9 Fighting
 + Level 3.1 Short Blades
 + Level 3.9 Dodging
 + Level 3.3 Stealth
 * Level 4.7 Shields


You had 5 spell levels left.
You didn't know any spells.
Your spell library was empty.

Dungeon Overview and Level Annotations

Branches:
Dungeon (4/15)             Temple (0/1) D:4

Altars:
Makhleb
Trog


Innate Abilities, Weirdness & Mutations

You cannot wear most types of armour.
You are amphibious.
You can wear up to eight rings at the same time.
Your skin changes colour to match your surroundings (Stealth+).
Your rubbery body absorbs attacks. (AC +1, EV +1)
((You are camouflaged near water. (Stealth+)))
You have tentacles for arms and can constrict up to eight enemies at once.


Message History

The shaft crumbles and collapses.
You hear the hiss of flowing sand.
There is an entrance to an ossuary on this level.
Hurry and find it before the portal is buried!
Found a viscous brown potion and a scroll labelled DEHAID QUCA.
Found a stone staircase leading up.
A steam dragon, an orc and a skeleton come into view.
The bullfrog skeleton moves out of view.
You see here a viscous brown potion.
The helpless steam dragon fails to defend itself.
You impale the steam dragon!!
The steam dragon is heavily wounded.
You block the steam dragon's attack. x2
The bullfrog skeleton closely misses you.
You hit the steam dragon but do no damage.
The steam dragon is heavily wounded.
The bullfrog skeleton hits you. The steam dragon closely misses you.
You block the steam dragon's attack.
You closely miss the steam dragon.
The steam dragon is heavily wounded.
The bullfrog skeleton completely misses you.
The steam dragon bites you. You block the steam dragon's attack.
You hit the steam dragon. You squeeze the steam dragon!
The steam dragon is almost dead.
The steam dragon breathes steam at you. The ball of steam hits you!!
The orc barely misses you. The steam dragon bites you.
The steam dragon barely misses you.
Something shouts, "Go and return not, thou warped moon-mazed socdollager!"
You hear a croak.
A shadow imp comes into view.
The bullfrog skeleton barely misses you.
The bullfrog skeleton hits you.
* * * LOW HITPOINT WARNING * * *
Found 10 gold pieces.
The bullfrog skeleton hits you.
* * * LOW HITPOINT WARNING * * *
The orc is engulfed in a cloud of scalding steam.
The orc dies!
The steam dragon breathes steam at you. The ball of steam hits you!!
You die...

. .. #######
..
###§#.#.#.#
#..§§.....
#.#§#.#.#<#.#
#.§§§@.......
#.#D#Z#.#.#.#
#?§§§......
#.#.#.#.#.#
#........$..
#.#.#.#.#.#.#
#....5.......
#.#.#.# #.#.
.## ##


You could see a steam dragon (catching breath), a shadow imp and a bullfrog
skeleton.

Vanquished Creatures
  A scorpion (D:4)
  A hound (D:4)
  An orc priest (D:3)
  An iguana (D:4)
  Jessica (D:3)
  An orc wizard (D:3)
  A howler monkey zombie (D:4)
  2 adders
  3 dart slugs
  4 orcs (D:3)
  6 ball pythons
  2 endoplasms
  3 giant cockroaches
  5 goblins
  10 hobgoblins
  8 jackals
  8 kobolds
  4 quokkas
  6 bats
  3 frilled lizards
  3 rats
74 creatures vanquished.

Vanquished Creatures (others)
  An orc (D:6)
1 creature vanquished.

Grand Total: 75 creatures vanquished

Notes
Turn   | Place    | Note
-------+----------+-------------------------------------------
     0 | D:1      | graki42 the Octopode Fighter began the quest for the Orb.
     0 | D:1      | Reached XP level 1. HP: 16/16 MP: 1/1
   125 | D:1      | Reached XP level 2. HP: 21/21 MP: 2/2
   185 | D:1      | Reached skill level 1 in Stealth
   562 | D:2      | Reached XP level 3. HP: 26/26 MP: 3/3
  1233 | D:2      | Reached XP level 4. HP: 31/31 MP: 4/4
  1422 | D:3      | Noticed Jessica
  1425 | D:3      | Killed Jessica
  1612 | D:3      | Found a burning altar of Makhleb.
  1614 | D:3      | Noticed a green death
  1821 | D:3      | Reached skill level 4 in Shields
  1821 | D:3      | Reached XP level 5. HP: 35/36 MP: 5/5
  2037 | D:3      | Found a bloodstained altar of Trog.
  2268 | D:3      | Found a faded altar of an unknown god.
  2412 | D:4      | Reached XP level 6. HP: 19/43 MP: 6/6
  2419 | D:4      | Found a staircase to the Ecumenical Temple.
  2909 | D:4      | You are sucked into a shaft and drop 2 floors!
  2910 | D:6      | Noticed a steam dragon
  2916 | D:6      | Killed from afar by a steam dragon

Illustrated notes

Levels and vault maps discovered:
D:1:      scummos_arrival_simple_crosswalls, layout_rooms, minmay_vboxes
D:2:      layout_rooms
D:3:      layout_loops_corners, trog_hazing_becter, makhleb_altar_promises_db,
          ebering_ecumenical_altar_rust, uniq_jessica
D:4:      kennysheep_big_flooded_room, layout_cave_pools,
          minmay_temple_entry_mist, uniq_duvessa
D:6:      layout_basic, nicolae_ossuary_entry_ruins, st_stairs_11, kb_rosetta

Skill      XL: |  1  2  3  4  5  6 |
---------------+-------------------+-----
Stealth        | 1 2 3 |  3.3
Shields        | 4 |  4.7
Short Blades   | 3 |  3.1
Fighting       | |  3.9
Dodging        | |  3.9

Action                   |  1- 3 |  4- 6 || total
-------------------------+-------+-------++-------
Melee: Rapier            |    56 |    65 ||   121
       Constrict         |    16 |    16 ||    32
       Tentacles         |    10 |    20 ||    30
  Use: Potion            |       |     2 ||     2
 Stab: Sleeping          |    11 |    13 ||    24
Armor: Skin              |     4 |     9 ||    13
Dodge: Dodged            |    32 |    35 ||    67
Block: Kite shield       |    19 |    31 ||    50

Table legend: (Time is in decaauts)
 A = Elapsed time spent in this place.
 B = Non-inter-level travel time spent in this place.
 C = Inter-level travel time spent in this place.
 D = Time resting spent in this place.
 E = Time spent auto-exploring this place.
 F = Levels seen in this place.
 G = Mean time per level.
                   A        B        C        D        E       F      G
               +--------+--------+--------+--------+--------+-----+--------+
         Total |   2950 |   2893 |     57 |    220 |   2241 |   5 |  590.0 |
       Dungeon |   2950 |   2893 |     57 |    220 |   2241 |   5 |  590.0 |
               +--------+--------+--------+--------+--------+-----+--------+

Top non-repeatable levels by time:
     D:3: 1095 daAuts
     D:2: 762 daAuts
     D:1: 567 daAuts
     D:4: 517 daAuts
     D:6: 7 daAuts
